 Dungeon Crawl Stone Soup version 0.31-a0-1591-g515db51633 (webtiles) character file.

Game seed: 10476885865052112488

979 anacleto the Ruffian (level 7, -1/21 HPs)
             Began as a Troll Gladiator on Jan 7, 2024.
             Was an Initiate of the Shining One.
             Slain by a wight
             ... wielding a +2 scimitar of flaming
              (4 damage)
             ... on level 5 of the Dungeon.
             The game lasted 00:10:01 (4565 turns).

anacleto the Ruffian (Troll Gladiator)              Turns: 4565, Time: 00:10:01

HP:   -1/21 (21)    AC:  2    Str: 25    XL:     7   Next: 96%
MP:   6/6           EV: 10    Int:  4    God:    the Shining One [......]
Gold: 244           SH:  0    Dex: 11    Spells: 6/6 levels left

rFire   + .          .
                       - Unarmed
rCold   . . .        (no shield)
rNeg    . . .        a - melded +0 robe
rPois   .            b - +0 hat
rElec   .            (no cloak)
rCorr   .            (gloves unavailable)
SInv    .            (boots unavailable)
Will    .....        i - amulet of regeneration
Stlth   +            s - ring of protection from fire
HPRegen 1.83/turn    (no ring)
MPRegen 0.10/turn

%: no passive effects
@: maw-form, glowing, lightly drained
A: devouring maw, reduced hp, large, unfitting armour, claws 3, regeneration 1,
shaggy fur 1, tough skin 1
a: Begin Untransformation, Renounce Religion


You were on level 5 of the Dungeon.
You worshipped the Shining One.
The Shining One was noncommittal.
You were a creature with a mouth for a stomach.
You visited 2 branches of the dungeon, and saw 6 of its levels.
You also visited: Sewer.

You collected 244 gold pieces.

Inventory:

Missiles
 c - 3 throwing nets (quivered)
 d - a large rock
 m - 4 boomerangs
Armour
 a - a +0 robe (melded)
 b - a +0 hat (worn)
Jewellery
 i - an amulet of regeneration (around neck)
 s - a ring of protection from fire (left claw)
Talismans
 A - a maw talisman (active)
Wands
 t - a wand of roots (7)
Scrolls
 e - 2 scrolls of enchant armour
 f - 2 scrolls of fog {unknown}
 h - a scroll of torment {unknown}
 j - 3 scrolls of brand weapon
 k - 2 scrolls of immolation
 l - a scroll of enchant weapon {unknown}
 n - a scroll of fear {unknown}
 p - a scroll of silence {unknown}
 r - 2 scrolls of poison
 x - a scroll of teleportation {unknown}
 y - a scroll of identify
Potions
 o - 2 potions of mutation
 q - 2 potions of attraction {unknown}
 u - a potion of cancellation {unknown}
 v - a potion of brilliance {unknown}
 w - 3 potions of might {unknown}
 z - 2 potions of heal wounds {unknown}


   Skills:
 * Level 4.7 Fighting
 + Level 3.7 Throwing
 - Level 2.4 Dodging
 * Level 6.0 Unarmed Combat
 + Level 3.0 Shapeshifting


You had 6 spell levels left.
You didn't know any spells.
Your spell library contained the following spells:

 Spells                   Type           Power      Damage    Failure   Level
 Hailstorm                Conj/Ice       0%         3d5       86%         3
 Summon Ice Beast         Ice/Summ       0%         N/A       86%         3
 Sculpt Simulacrum        Ice/Alch       0%         N/A       100%        6


Dungeon Overview and Level Annotations

Branches:
Dungeon (5/15)             Temple (1/1) D:5           Sewer (visited)

Altars:
Cheibriados
Dithmenos
Elyvilon
Fedhas
Hepliaklqana
Kikubaaqudgha
Makhleb
Nemelex Xobeh
Okawaru
Qazlal
Ru
Sif Muna
Trog
Uskayaw
Vehumet
Wu Jian
Yredelemnul
Zin
The Shining One

Shops:
D:5 :


Innate Abilities, Weirdness & Mutations

You are a creature with a mouth for a stomach.
Your midsection houses a second, enormous mouth.
Your maximum health is decreased, since you lack skill for your form.
You are too large for most types of armour.
You have claws for hands.
Your natural rate of healing is unusually fast.
You are covered in fur. (AC +1)
You have tough skin. (AC +1)


Message History

The orc closely misses you.
Things that are here:
a +0 dagger; a +0 robe; an orc corpse You barely miss the orc.
You bite the orc.
The orc is lightly wounded.
The orc hits you with a +0 dagger.
You mangle the orc!!
You devour the orc!
You feel better.
You kill the orc!
Items here: )) [[.
Items here: )) [[.
Things that are here:
a +0 dagger; a +0 robe; an orc corpse
Items here: )) [[.
You now have 244 gold pieces (gained 16).
Found 7 stones.
A wight comes into view.
It is wielding a +2 scimitar of flaming.
You scratch the wight. Your claw misses the wight.
The wight is moderately damaged.
The wight hits you with a +2 scimitar of flaming.
The wight burns you.
You scratch the wight.
The wight is heavily damaged.
The wight hits you with a +2 scimitar of flaming!
Ouch! That really hurt!
* * * LOW HITPOINT WARNING * * *
You feel drained.
* * * LOW HITPOINT WARNING * * *
The wight burns you.
* * * LOW HITPOINT WARNING * * *
Okay, then.
Okay, then.
You feel better.
The wight hits you with a +2 scimitar of flaming!
Ouch! That really hurt!
* * * LOW HITPOINT WARNING * * *
The wight burns you.
* * * LOW HITPOINT WARNING * * *
The wight attacks as it pursues you!
The wight hits you with a +2 scimitar of flaming.
You die...

....).....##
##...#
###########
##...##
##...##
##...##
##...## #
#..(.# ##
#...## .##
#...# ..##
#..W# ...##
##.z# #(..##
#..# ##...##
#..# ###..##
#..# ##..##
#..# ##..##
#...
########
##..## #....
. ......#
##..###
#..... .
.....##


You could see a wight.

Vanquished Creatures
  An ogre (D:4)
  A crocodile (Sewer)
  A phantom (D:5)
  A kobold brigand (Sewer)
  3 scorpions
  5 hounds
  An iguana (D:4)
  4 orc wizards
  9 adders
  A river rat (Sewer)
  A shadow imp (D:5)
  2 dart slugs
  A ribbon worm (D:3)
  12 orcs
  10 ball pythons
  13 endoplasms
  7 giant cockroaches
  9 hobgoblins
  2 jackals
  9 kobolds
  6 quokkas
  2 bats (D:1)
  5 frilled lizards
  10 goblins
  7 rats
123 creatures vanquished.

Notes
Turn   | Place    | Note
-------+----------+-------------------------------------------
     0 | D:1      | anacleto the Troll Gladiator began the quest for the Orb.
     0 | D:1      | Reached XP level 1. HP: 19/19 MP: 0/0
   101 | D:1      | Reached XP level 2. HP: 28/28 MP: 1/1
   763 | D:2      | Reached XP level 3. HP: 35/35 MP: 2/2
  1218 | D:2      | Found a faded altar of an unknown god.
  1719 | D:3      | Reached XP level 4. HP: 44/44 MP: 3/3
  1721 | D:3      | Reached skill level 1 in Shapeshifting
  1947 | D:3      | Reached skill level 4 in Unarmed Combat
  2493 | D:4      | Noticed an ogre
  2497 | D:4      | Reached XP level 5. HP: 50/52 MP: 4/4
  2507 | D:4      | Killed an ogre
  2533 | D:4      | Found a glowing drain.
  2543 | Sewer    | Entered a sewer
  2565 | Sewer    | Reached XP level 6. HP: 61/61 MP: 5/5
  2849 | Sewer    | Reached skill level 5 in Unarmed Combat
  3292 | D:4      | Found an ornate altar of the Wu Jian Council.
  3516 | D:4      | Reached XP level 7. HP: 68/68 MP: 6/6
  3751 | D:5      | Entered Level 5 of the Dungeon
  3917 | D:5      | Found Hepregan's Vocational Training.
  4171 | D:5      | Found a staircase to the Ecumenical Temple.
  4177 | Temple   | Entered the Ecumenical Temple
  4256 | Temple   | Became a worshipper of the Shining One
  4333 | D:5      | Reached skill level 6 in Unarmed Combat
  4564 | D:5      | HP: 1/21 [wight/+2 scimitar of flaming (2)]
  4565 | D:5      | Slain by a wight

Illustrated notes

Levels and vault maps discovered:
D:1:      lightli_arrival_lavapool, layout_basic, minmay_misc_feat_hallway,
          corexii_corridor_pit
D:2:      layout_basic, hellmonk_ecumenical_altar_blasted, serial_rivers,
          chequers_serial_rivers_room_a, chequers_serial_rivers_room_a,
          chequers_serial_rivers_micro_b, chequers_serial_rivers_micro_d,
          chequers_serial_rivers_micro_c, chequers_serial_rivers_small_b,
          feat_on_display
D:3:      layout_loops_ring
D:4:      layout_basic, general_overflow_altar, gup_sewer_entry_pipe,
          st_stairs_8, roderic_serpentine_path, minivault_19,
          serial_bayou_pond_b, nicolae_zig_zag_zippers
D:5:      layout_layer_cave, temple_green, nicolae_shop_vocational
Temple:   dpeg_five_rooms_temple

Skill      XL: |  1  2  3  4  5  6  7 |
---------------+----------------------+-----
Fighting       | 2 3 4 |  4.7
Throwing       | 2 3 |  3.7
Shapeshifting  | 1 2 3 |  3.0
Unarmed Combat | 4 5 6 |  6.0
Dodging        | |  2.4

Action                     |  1- 3 |  4- 6 |  7- 9 || total
---------------------------+-------+-------+-------++-------
  Melee: Unarmed           |    94 |   143 |    67 ||   304
         Punch             |     1 |     3 |       ||     4
         Maw               |       |       |     8 ||     8
    Use: Scroll            |       |     5 |       ||     5
         Potion            |       |       |     3 ||     3
   Stab: Sleeping          |     1 |     2 |     1 ||     4
 Armour: Robe              |    47 |    69 |    15 ||   131
         Skin              |       |       |    54 ||    54
  Dodge: Dodged            |    48 |    62 |    27 ||   137
   Form: Maw               |       |       |     1 ||     1

Table legend: (Time is in decaauts)
 A = Elapsed time spent in this place.
 B = Non-inter-level travel time spent in this place.
 C = Inter-level travel time spent in this place.
 D = Time resting spent in this place.
 E = Time spent auto-exploring this place.
 F = Levels seen in this place.
 G = Mean time per level.
                   A        B        C        D        E       F      G
               +--------+--------+--------+--------+--------+-----+--------+
         Total |   4538 |   4423 |    115 |    103 |   3097 |   7 |  648.3 |
       Dungeon |   3852 |   3787 |     65 |      0 |   2857 |   5 |  770.4 |
        Temple |    131 |     81 |     50 |      0 |      0 |   1 |  131.0 |
         Sewer |    554 |    554 |      0 |    103 |    240 |   1 |  554.0 |
               +--------+--------+--------+--------+--------+-----+--------+

Top non-repeatable levels by time:
     D:2: 956 daAuts
     D:4: 773 daAuts
     D:3: 733 daAuts
     D:1: 731 daAuts
     D:5: 657 daAuts
   Sewer: 554 daAuts
  Temple: 131 daAuts
